 Dungeon Crawl Stone Soup version 0.26-a0-651-gb41185065b (webtiles) character file.

Game seed: 588770647480887236

(classic levelgen) 2900 EnegeticOcto the Cleaver (level 9, -9/82 HPs)
             Began as a Deep Dwarf Delver on Oct 23, 2020.
             Was a Follower of Makhleb.
             Killed from afar by a fire giant (35 damage)
             ... with a bolt of fire
             ... on level 11 of the Dungeon.
             The game lasted 00:11:01 (2058 turns).

EnegeticOcto the Cleaver (Deep Dwarf Delver)        Turns: 2058, Time: 00:11:03

Health: -9/82      AC: 13    Str: 17    XL:     9   Next: 49%
Magic:  5/5        EV: 11    Int: 13    God:    Makhleb [*.....]
Gold:   257        SH:  0    Dex: 16    Spells: 8/8 levels left

rFire    . . .     SeeInvis .   a - +1 broad axe
rCold    . . .     Faith    .   (no shield)
rNeg     . . .     Spirit   .   x - +5 ring mail "Boxzenu" {+Inv rElec Regen+}
rPois    .         Reflect  .   i - +2 helmet
rElec    +         Harm     .   (no cloak)
rCorr    .         Rampage  .   (no gloves)
MR       +....                  (no boots)
Stlth    +++.......             (no amulet)
HPRegen  0.00/turn              (no ring)
MPRegen  0.09/turn              (no ring)

@: flying, very slightly contaminated, non-regenerating, invisible
A: damage resistance, heal wounds, agile 1, mutation resistance 1, sense
surroundings 2, no regeneration
a: Heal Wounds, Renounce Religion


You were on level 11 of the Dungeon.
You worshipped Makhleb.
Makhleb was aware of your devotion.
You visited 2 branches of the dungeon, and saw 10 of its levels.

You collected 257 gold pieces.

Inventory:

Hand Weapons
 a - a +1 broad axe (weapon)
 p - a +0 war axe
 F - a +0 hand axe
Missiles
 h - 25 poisoned darts (quivered)
Armour
 b - a +0 leather armour
 d - a +0 chain mail
 i - a +2 helmet (worn)
 x - the +5 ring mail "Boxzenu" (worn) {+Inv rElec Regen+}
   (You found it on level 6 of the Dungeon)

   It insulates you from electricity.
   It lets you turn invisible.
   It increases your rate of regeneration.
 C - a +0 plate armour
Jewellery
 D - an uncursed ring of protection from cold
Wands
 j - a wand of paralysis (9)
 n - a wand of random effects (26)
 B - a wand of flame (39)
Scrolls
 c - a scroll of fog
 e - 4 scrolls of fear
 m - 4 scrolls of teleportation {@r3}
 t - a scroll of blinking
 u - a scroll of enchant armour
 v - a scroll of remove curse {@r2}
 z - 4 scrolls of identify {@r1}
 A - a scroll of magic mapping {@r5}
Potions
 f - a potion of haste {@q4}
 k - a potion of flight
 l - 3 potions of degeneration
 o - a potion of might {unknown}
 q - a potion of heal wounds {unknown}
 r - 3 potions of magic
 s - a potion of invisibility
 w - a potion of mutation
 E - 2 potions of curing {@q1}


   Skills:
 + Level 5.7 Fighting
 * Level 10.8 Axes
 - Level 2.1 Dodging
 - Level 6.0 Stealth
 + Level 7.1 Invocations
 + Level 5.0 Evocations


You had 8 spell levels left.
You didn't know any spells.
Your spell library contained the following spells:

 Spells                   Type           Power        Failure   Level
 Magic Dart               Conj           #...         50%         1
 Blink                    Tloc           N/A          65%         2
 Call Imp                 Summ           #.......     65%         2
 Slow                     Hex            #.......     65%         2
 Conjure Flame            Conj/Fire      #.......     86%         3
 Mephitic Cloud           Conj/Pois/Air  #.......     86%         3


Dungeon Overview and Level Annotations

Branches:
Dungeon (11/15)            Temple (1/1) D:6
   Lair: D:8-11         Orc: D:9-12

Altars:
Fedhas
Gozag
Makhleb
Nemelex Xobeh
Okawaru
Ru
Trog
Xom
Yredelemnul
The Shining One

Shops:
D:5 !}(

Annotations:
D:6 1 runed translucent door, bmj180's ghost, novice MiFi
D:8 1 runed translucent door, loralnil's ghost, novice GnTm
D:11 Erica


Innate Abilities, Weirdness & Mutations

You are resistant to damage.
You can heal yourself by infusing magical energy.
You passively map the area around you.
You do not regenerate.
You are agile. (Dex +2)
You are somewhat resistant to further mutation.


Message History

The bullfrog skeleton barely misses you.
You hit the bullfrog skeleton.
The bullfrog skeleton is moderately damaged.
The bullfrog skeleton hits you.
You slash the bullfrog skeleton!
The bullfrog skeleton is almost destroyed.
The bullfrog skeleton hits you but does no damage.
The bullfrog skeleton barely misses you.
You hit the bullfrog skeleton but do no damage.
The bullfrog skeleton is almost destroyed.
The bullfrog skeleton hits you but does no damage.
You slash the bullfrog skeleton!
You destroy the bullfrog skeleton!
Makhleb accepts your kill.
You feel better.
No target in view!
Evoke which item? (* to show all) (? for menu, Esc to quit)
Press: ? - help, Shift-Dir - straight line A rock wall.
The rock shatters into small pieces.
The now-empty wand crumbles to dust.
Okay, then.
Okay, then.
You hit the gargoyle.
The gargoyle is lightly damaged.
The gargoyle hits you with a cursed -3 flail.
You slash the gargoyle!
The gargoyle is heavily damaged.
You hear a shout!
The gargoyle hurls a stone arrow at you.
The stone arrow hits you!!
You hear a shout!
You hit the gargoyle.
The gargoyle is severely damaged.
The gargoyle hits you with a cursed -3 flail!
Your magical essence is drained by the effort!
You feel much better.
You completely miss the gargoyle.
The gargoyle is severely damaged.
The gargoyle barely misses you.
You barely miss the gargoyle.
The gargoyle is severely damaged.
The gargoyle hits you with a cursed -3 flail.
You hit the gargoyle but do no damage.
The gargoyle is severely damaged.
The gargoyle closely misses you.
You hit the gargoyle.
The gargoyle is almost destroyed.
The gargoyle hurls a stone arrow at you.
The stone arrow hits you!
You hit the gargoyle.
The gargoyle is almost destroyed.
The gargoyle barely misses you.
You hit the gargoyle but do no damage.
The gargoyle is almost destroyed.
The gargoyle hurls a stone arrow at you.
The stone arrow hits you!!
You hit the gargoyle.
You destroy the gargoyle!
Makhleb accepts your kill.
Your Invocations skill increases to level 7!
Your Evocations skill increases to level 5!
You feel much better.
The fire giant hits you with a +2 great sword of flaming!
The fire giant burns you.
You feel much better.
The fire giant hits you with a +2 great sword of flaming!
The fire giant burns you!
Okay, then.
It was a potion of invisibility.
You fade into invisibility!
The fire giant hits you with a +2 great sword of flaming!!
The fire giant burns you!
* * * LOW HITPOINT WARNING * * *
You are very lightly contaminated with residual magic.
You feel much better.
It was a potion of mutation.
You feel extremely strange.
You feel genetically stable.
You feel agile.
The fire giant gestures at you while chanting.
The bolt of fire hits you!!
You hear a shout!
Your magical essence is drained by the effort!
You feel much better.
You hear an angry buzzing noise.
The fire giant points at you and mumbles some strange words.
The bolt of fire hits you!!!
* * * LOW HITPOINT WARNING * * *
You feel much better.
The fire giant hits you with a +2 great sword of flaming!!
* * * LOW HITPOINT WARNING * * *
The fire giant burns you.
* * * LOW HITPOINT WARNING * * *
You feel much better.
The fire giant points at you and mumbles some strange words.
The bolt of fire hits you!!
It was a potion of flight.
You feel very buoyant.
You fly up into the air.
The fire giant casts a spell at you. The bolt of fire hits you!!!
You die...

#.......##+##..., *
**,
#............>..... ,,
,, #........#####....#
* #..###...# #....# ,
, #........# #....#
#........#####....# *
** *
#.................#
*,* ,
#...#########.....###,
* #...#.R○C
O.#@....... *
###.########C..######,
, , #.#})(?([$#^.# * ,
#.#########..#
#............# *
######.......# * **
######### , , *


You could see a fire giant.

Vanquished Creatures
  A gargoyle (D:11)
  A hippogriff (D:8)
  A wyvern (D:8)
  A water moccasin (D:6)
  An ice beast (D:7)
  2 sky beasts
  A phantom (D:9)
  A necrophage (D:7)
  3 orc warriors (D:8)
  2 ogres (D:6)
  A centaur (D:6)
  2 big kobolds
  A bullfrog (D:7)
  2 scorpions
  A wyvern skeleton (D:7)
  5 wights (D:6)
  A howler monkey (D:6)
  A quasit (D:5)
  2 bullfrog skeletons
  A hound (D:6)
  2 jellies
  4 orc wizards (D:8)
  An iguana (D:6)
  5 worker ants
  Robin (D:4)
  3 gnolls (D:5)
  4 adders
  A white imp (D:6)
  An ufetubus (D:6)
  2 adder skeletons
  15 orcs
  A giant cockroach (D:4)
  10 goblins (D:4)
  A hobgoblin (D:4)
  3 quokkas
  A giant cockroach zombie (D:6)
  A jackal skeleton (D:4)
  A jackal zombie (D:7)
  7 kobolds
95 creatures vanquished.

Vanquished Creatures (others)
  An orc (D:8)
1 creature vanquished.

Grand Total: 96 creatures vanquished

Notes
Turn   | Place    | Note
-------+----------+-------------------------------------------
     0 | D:5      | EnegeticOcto the Deep Dwarf Delver began the quest for the
                  | Orb.
     0 | D:5      | Reached XP level 1. HP: 20/20 MP: 1/1
    25 | D:5      | Found Judeuf's Gadget Boutique.
    25 | D:5      | Noticed a quasit
    45 | D:5      | Reached skill level 3 in Axes
    45 | D:5      | Reached XP level 2. HP: 17/27 MP: 2/2
    45 | D:5      | Reached XP level 3. HP: 21/33 MP: 3/3
    59 | D:5      | Reached skill level 4 in Axes
    67 | D:5      | Reached XP level 4. HP: 36/40 MP: 4/4
    82 | D:5      | Found Kygun's Weapon Boutique.
   110 | D:4      | Reached skill level 5 in Axes
   140 | D:4      | Noticed a phantom
   180 | D:4      | Noticed Robin
   186 | D:4      | Reached XP level 5. HP: 28/46 MP: 4/4
   197 | D:4      | Reached skill level 6 in Axes
   203 | D:4      | Killed Robin
   532 | D:6      | Found a staircase to the Ecumenical Temple.
   541 | Temple   | Entered the Ecumenical Temple
   557 | Temple   | Became a worshipper of Makhleb the Destroyer
   611 | D:6      | Noticed a water moccasin
   621 | D:6      | Noticed a centaur
   622 | D:6      | Noticed an ogre
   624 | D:6      | Noticed a sky beast
   629 | D:6      | Reached XP level 6. HP: 30/55 MP: 4/4
   649 | D:6      | Reached skill level 7 in Axes
   649 | D:6      | Reached skill level 1 in Invocations
   664 | D:6      | Found a sparkling altar of Nemelex Xobeh.
   679 | D:6      | Got a warped ring mail
   731 | D:7      | Noticed a sky beast
   779 | D:7      | Killed a sky beast
   785 | D:6      | Found a runed translucent door.
   786 | D:6      | Noticed bmj180's ghost (novice MiFi)
   808 | D:6      | Reached XP level 7. HP: 48/62 MP: 5/7
   822 | D:6      | Reached skill level 8 in Axes
  1000 | D:5      | Found Gecadi's Distillery.
  1073 | D:6      | Reached XP level 8. HP: 43/72 MP: 8/8
  1103 | D:6      | Reached skill level 9 in Axes
  1140 | D:6      | Identified the +5 ring mail "Boxzenu" {+Inv rElec Regen+}
                  | (You found it on level 6 of the Dungeon)
  1202 | D:7      | Reached skill level 1 in Evocations
  1207 | D:7      | Reached skill level 5 in Invocations
  1220 | D:7      | Found a basalt altar of Yredelemnul.
  1398 | D:8      | Reached * piety under Makhleb
  1398 | D:8      | Reached skill level 5 in Fighting
  1418 | D:8      | Reached skill level 10 in Axes
  1422 | D:8      | Gained mutation: You passively map the area around you.
                  | [Deep Dwarf growth]
  1422 | D:8      | Reached XP level 9. HP: 57/81 MP: 8/8
  1621 | D:8      | Found a sacrificial altar of Ru.
  1738 | D:8      | Found a runed translucent door.
  1738 | D:8      | Found a shimmering altar of Xom.
  1738 | D:8      | Noticed loralnil's ghost (novice GnTm)
  1738 | D:8      | Noticed a +1 trident of chaos
  1917 | D:10     | Entered Level 10 of the Dungeon
  1998 | D:11     | Noticed Erica
  2010 | D:11     | Noticed an ogre mage
  2011 | D:11     | Noticed an efreet
  2011 | D:11     | Noticed a gargoyle
  2014 | D:11     | Noticed a fire giant
  2049 | D:11     | Killed a gargoyle
  2049 | D:11     | Reached skill level 5 in Evocations
  2054 | D:11     | Gained mutation: You are somewhat resistant to further
                  | mutation. [potion of mutation]
  2054 | D:11     | Gained mutation: You are agile. (Dex +2) [potion of
                  | mutation]
  2058 | D:11     | Killed from afar by a fire giant

Illustrated notes

Levels and vault maps discovered:
D:3:      layout_loops_ring, nicolae_overflow_crystal_walls,
          cheibrodos_sewer_entry_sluice
D:4:      layout_cave_pools, uniq_robin
D:5:      layout_loops_cross, serial_shops, shop, shop,
          nicolae_shop_temple_entry_statues_fountains, uniq_blork_the_orc
D:6:      layout_rooms, lemuel_temple_firewalk_b, ebering_ghost_reflecting_pool,
          serial_shops, nicolae_shop_behind_doors,
          nemelex_xobeh_ov_fountains_minmay
D:7:      layout_loops_cross, yredelemnul_altar_generic, kennysheep_doodads
D:8:      layout_loops_ring, marbit_many_paths, lemuel_round_altar,
          ebering_ghost_xom
D:9:      layout_loops_ring, uniq_maggie
D:10:     layout_irregular_city, dk_vineyard_1
D:11:     minmay_wavy_crystal, layout_stronghold, erik_lair_island, david_orc_3,
          small_statue_intersection, grunt_ministairs_11,
          onia_ninara_dug_in_and_dangerous, uniq_erica
Temple:   eino_temple_water

Skill      XL: |  1  2  3  4  5  6  7  8  9 |
---------------+----------------------------+-----
Axes           | 3 4 5 6 7 8 10 | 10.8
Invocations    | 2 4 6 7 |  7.1
Fighting       | 3 4 5 |  5.7
Evocations     | 3 5 |  5.0
Dodging        | |  2.1
Stealth        | |  6.0

Action                   |  1- 3 |  4- 6 |  7- 9 || total
-------------------------+-------+-------+-------++-------
Melee: Hand axe          |    30 |    93 |       ||   123
       War axe           |       |    78 |   227 ||   305
       Broad axe         |       |       |    34 ||    34
Throw: Dart              |       |     7 |     7 ||    14
 Abil: Heal Wounds       |     1 |    12 |    20 ||    33
Evoke: Wand              |       |       |     3 ||     3
  Use: Scroll            |     1 |     5 |     8 ||    14
       Potion            |       |       |     3 ||     3
 Stab: Sleeping          |       |       |     2 ||     2
Armor: Chain mail        |    64 |   208 |    12 ||   284
       Plate armour      |       |       |    54 ||    54
       Ring mail         |       |       |   136 ||   136
Dodge: Dodged            |    34 |   123 |   156 ||   313

Table legend: (Time is in decaauts)
 A = Elapsed time spent in this place.
 B = Non-inter-level travel time spent in this place.
 C = Inter-level travel time spent in this place.
 D = Time resting spent in this place.
 E = Time spent auto-exploring this place.
 F = Levels seen in this place.
 G = Mean time per level.
                   A        B        C        D        E       F      G
               +--------+--------+--------+--------+--------+-----+--------+
         Total |   2092 |   2002 |     90 |      0 |      0 |  10 |  209.2 |
       Dungeon |   2059 |   1969 |     90 |      0 |      0 |   9 |  228.8 |
        Temple |     32 |     32 |      0 |      0 |      0 |   1 |   32.0 |
               +--------+--------+--------+--------+--------+-----+--------+

Top non-repeatable levels by time:
     D:6: 433 daAuts
     D:8: 425 daAuts
     D:4: 299 daAuts
     D:5: 282 daAuts
     D:7: 217 daAuts
     D:9: 202 daAuts
    D:10: 76 daAuts
    D:11: 64 daAuts
     D:3: 57 daAuts
  Temple: 32 daAuts
